 Dungeon Crawl Stone Soup version 0.28.0-53-g5a82cb258f (webtiles) character file.

Game seed: 10221132022746968263

40593 cheechan the Frost Mage (level 14, -14/97 HPs)
             Began as an Octopode Ice Elementalist on June 9, 2022.
             Was the Champion of Jiyva.
             Shot with a bolt by a yaktaur (32 damage)
             ... on level 15 of the Dungeon.
             The game lasted 01:26:50 (13291 turns).

cheechan the Frost Mage (OpIE)                     Turns: 13291, Time: 01:26:51

Health: -14/97     AC:  1    Str:  7      XL:     14   Next: 11%
Magic:  30/30      EV: 17    Int: 28 (30) God:    Jiyva [******]
Gold:   762        SH:  0    Dex: 19      Spells: 17/37 levels left

rFire   + . .      SeeInvis +   A - +6 broad axe of Teobymap {spect, rElec Int+2}
rCold   . . .      Faith    +   i - orb {*channel}
rNeg    + . .      Spirit   .   (helmet restricted)
rPois   .          Reflect  .   h - amulet of faith
rElec   +          Harm     .   m - ring of positive energy
rCorr   +          Rampage  .   s - ring of protection from fire
Will    +....      Clarity  +   z - +6 ring of intelligence
Stlth   +++++.....              (no ring)
HPRegen 1.86/turn               (no ring)
MPRegen 0.72/turn               (no ring)
                                (no ring)
                                (no ring)

@: no status effects
A: almost no armour, amphibious, 8 rings, camouflage 1, gelatinous body 1,
(nimble swimmer 1), tentacles, tentacle spike 2, agile 2, clarity, clever 1,
passive freeze, robust 1, acidic bite, eyeballs 3, jelly sensing items
a: Renounce Religion, Oozemancy, Slimify


You were on level 15 of the Dungeon.
You worshipped Jiyva.
Jiyva was exalted by your worship.
You visited 1 branch of the dungeon, and saw 15 of its levels.
You also visited: Sewer, Bailey and Gauntlet.

You collected 762 gold pieces.

Inventory:

Hand Weapons
 c - the +7 shortbow "Riku" {vorpal, rF- Will+ Dex+2 Stlth+}
   (You took it off a tengu warrior on level 13 of the Dungeon)

   Any ammunition fired from it inflicts extra damage upon your enemies.
   Dex:       It affects your dexterity (+2).
   rF:        It makes you vulnerable to fire.
   Will:      It increases your willpower.
   Stlth:     It makes you more stealthy.
 g - a +4 scimitar of flaming
 x - a +0 demon blade
 A - the +6 broad axe of Teobymap (weapon) {spect, rElec Int+2}
   (You found it in a bailey)

   When its wielder attacks, the weapon's spirit leaps out and strikes again.
   The spirit shares a part of any damage it takes with its wielder.
   Int:       It affects your intelligence (+2).
   rElec:     It insulates you from electricity.
Missiles
 b - 58 sling bullets
 e - 310 stones
 j - 4 atropa-tipped darts
 l - 336 arrows
 n - 39 bolts
 u - 20 poisoned darts
 D - 9 javelins
 F - 3 curare-tipped darts
 G - 3 boomerangs
Armour
 i - an orb of energy (worn)
Magical Staves
 k - a staff of cold
Jewellery
 h - an amulet of faith (around mantle)
 m - a ring of positive energy (left tentacle)
 s - a ring of protection from fire (right tentacle)
 z - a +6 ring of intelligence (on tentacle)
Wands
 r - a wand of flame (23)
 t - a wand of mindburst (2) (quivered)
Scrolls
 q - a scroll of teleportation
 B - a scroll of fog
Potions
 a - 2 potions of lignification
 d - a potion of haste
 f - 8 potions of curing
 o - 2 potions of cancellation
 p - 3 potions of invisibility
 v - a potion of magic
 w - 3 potions of mutation
 I - a potion of might {unknown}
Miscellaneous
 C - a box of beasts
 E - a phantom mirror
 H - a phantom mirror


   Skills:
 + Level 5.8 Fighting
 + Level 8.5(9.0) Axes
 + Level 3.7(6.5) Maces & Flails
 + Level 2.2(5.8) Polearms
 + Level 1.5(3.2) Slings
 + Level 4.4(4.5) Throwing
 + Level 6.2 Dodging
 + Level 8.6 Stealth
 + Level 12.4 Spellcasting
 + Level 2.4 Conjurations
 + Level 0.5 Transmutations
 + Level 13.7 Ice Magic
 + Level 1.3 Earth Magic
 + Level 2.7 Evocations


You had 17 spell levels left.
You knew the following spells:

 Your Spells              Type           Power      Damage    Failure   Level
a - Freeze                Ice            100%       1d11      0%          1
b - Frozen Ramparts       Ice            100%       1d12      1%          3
c - Ozocubu's Armour      Ice            76%        N/A       1%          3
d - Hailstorm             Conj/Ice       58%        3d13      1%          4
e - Passwall              Tmut/Erth      18%        N/A       3%          2
f - Stone Arrow           Conj/Erth      54%        3d10      4%          3
g - Summon Lightning Spi  Summ/Air       17%        N/A       30%         4

Your spell library contained the following spells:

 Spells                   Type           Power      Damage    Failure   Level
 Sandblast                Erth           48%        2d12      1%          1
 Portal Projectile        Hex/Tloc       34%        N/A       10%         3
 Airstrike                Air            8%         N/A       30%         4
 Animate Dead             Necr           8%         N/A       30%         4
 Fireball                 Conj/Fire      12%        3d7       47%         5
 Lightning Bolt           Conj/Air       12%        1d25      47%         5
 Blade Hands              Tmut           10%        N/A       56%         5
 Excruciating Wounds      Necr           8%         N/A       65%         5
 Starburst                Conj/Fire      12%        6d5       96%         6
 Haunt                    Necr/Summ      8%         N/A       100%        7
 Ignition                 Fire           8%         3d5       100%        8
 Infestation              Necr           8%         N/A       100%        8


Dungeon Overview and Level Annotations

Branches:
Dungeon (15/15)            Temple (0/1) D:5            Lair (0/6) D:10
    Orc (0/2) D:11         Vaults (0/5) D:13          Sewer (visited)
 Bailey (visited)         Gauntlet (visited)
 Depths: D:15

Altars:
Wu Jian
Xom
Zin
Jiyva

Shops:
D:5 ?   D:12 *


Innate Abilities, Weirdness & Mutations

You cannot wear most types of armour.
You are amphibious.
You can wear up to eight rings at the same time.
Your skin changes colour to match your surroundings (Stealth+).
Your rubbery body absorbs attacks. (AC +1, EV +1)
((You are camouflaged when in or above water. (Stealth+)))
You have tentacles for arms and can constrict up to eight enemies at once.
One of your tentacles bears a nasty spike.
You are very agile. (Dex +4)
You possess an exceptional clarity of mind.
Your mind is acute. (Int +2)
A frigid envelope surrounds you and freezes all who hurt you.
You are robust. (+10% HP)
You have acidic saliva.
Your body is covered in eyes which may confuse attackers. (Acc +7, SInv)
You have a small jelly attached to you that senses nearby items.


Message History

You hear a distant slurping noise. x3
Magic restored.
You start resting.
You hear a distant slurping noise.
HP restored.
l - 336 arrows (gained 14)
You see here a +0 shortbow.
There is an open door here.
You hear a distant slurping noise.
You hear a squelching noise.
You open the door.
You hear a distant slurping noise.
There is an open door here.
You hear a distant slurping noise.
There is an open door here.
Found a quarterstaff.
You hear a distant slurping noise.
You swap places.
There is an open door here.
A yaktaur comes into view.
A yaktaur comes into view.
A yaktaur comes into view.
The yaktaur shouts! x2
The yaktaur wields a +0 arbalest.
The yaktaur shoots a bolt.
The bolt completely misses you.
The yaktaur shouts!
The yaktaur wields a +0 arbalest.
The yaktaur shoots a bolt.
The bolt misses you.
The yaktaur wields a +0 arbalest.
The yaktaur shoots a bolt.
The bolt hits you!!
You shudder from the blast and a jelly pops out!
The yaktaur shoots a bolt.
The bolt hits you!!
You shudder from the blast and a jelly pops out!
The yaktaur shoots a bolt.
The bolt barely misses you.
The bolt barely misses your quicksilver ooze.
The yaktaur shoots a bolt.
The bolt hits you!
* * * LOW HITPOINT WARNING * * *
You hear a series of splatters.
The yaktaur unwields a +0 arbalest.
The yaktaur completely misses your quicksilver ooze.
The yaktaur shoots a bolt.
The bolt hits you!!
You die...

...# #..........♣♣♣
...# #.........≈≈≈♣
...# #..........≈P.
...# #.......c....
...########....cc.....
......##......J.J..#
......##...........#
......'.........@..#
###...##...........#
######...........#
#############


You could see 3 yaktaurs, a friendly rockslime (summoned) and a friendly
quicksilver ooze (summoned).

Vanquished Creatures
  A sphinx (D:13)
  A tengu reaver (D:13)
  A storm dragon (D:13)
  Azrael (D:12)
  A dire elephant (Gauntlet)
  Snorg (D:14)
  5 vault guards (D:13)
  2 hydras
  4 boulder beetles
  4 centaur warriors
  4 two-headed ogres
  2 tengu warriors (D:13)
  Sonja (D:11)
  2 orc knights
  2 deep elf pyromancers
  A worldbinder (Gauntlet)
  2 manticores
  9 ugly things
  4 cyclopes
  3 elephants (Gauntlet)
  3 gargoyles (D:12)
  A torpor snail (Gauntlet)
  Maggie (D:6)
  2 tengu conjurers (D:13)
  An efreet (D:13)
  3 trolls
  3 meliai (D:14)
  A blink frog (shapeshifter) (D:15)
  A water elemental (D:15)
  3 wraiths
  A vampire (D:11)
  6 yaks
  6 humans (D:13)
  A fire elemental (D:12)
  A basilisk (D:14)
  A yak (shapeshifter) (D:13)
  A steam dragon (D:9)
  An acid dragon (D:11)
  3 water moccasins
  2 hell hounds (D:12)
  10 orc warriors
  An ice beast (D:7)
  A sky beast (D:7)
  A black bear (D:10)
  A boggart (Gauntlet)
  7 centaurs
  A phantom (D:7)
  A gnoll sergeant (D:9)
  A scorpion (D:4)
  A water moccasin zombie (D:7)
  2 wights (D:6)
  8 killer bees
  2 electric eels (D:15)
  7 hounds
  2 centaur zombies
  12 orc priests
  2 gnoll shamans (D:6)
  A centaur skeleton (D:7)
  2 bullfrog skeletons
  An iguana (D:5)
  13 orc wizards
  3 howler monkey zombies
  A howler monkey skeleton (D:5)
  5 adders
  15 gnolls
  A shadow imp (D:6)
  A white imp (D:6)
  An ufetubus (D:5)
  An adder skeleton (D:5)
  2 worms (D:4)
  A dart slug (D:5)
  71 orcs
  An endoplasm (D:1)
  3 giant cockroaches
  17 goblins
  13 hobgoblins
  15 jackals
  7 ball pythons
  5 bats
  4 frilled lizards
  5 kobolds
  A quokka skeleton (D:4)
  4 rats
347 creatures vanquished.

Vanquished Creatures (collateral kills)
  A minotaur (Gauntlet)
  An ettin (D:13)
  3 orc knights
  A wind drake (shapeshifter) (D:13)
  A basilisk (D:13)
  3 orc warriors
  An orc (D:11)
11 creatures vanquished.

Vanquished Creatures (others)
  A great orb of eyes (D:13)
  A freezing wraith (D:13)
  5 slime creatures (D:12)
  Sigmund (D:2)
  A fire elemental (D:12)
  A human (D:13)
  A basilisk (D:14)
  Pargi (Sewer)
  An orc warrior (D:12)
  4 boggarts (D:12)
  An ogre (D:5)
  A centaur (D:10)
  5 bullfrogs
  A water moccasin zombie (D:7)
  62 jellies
  2 killer bees (D:7)
  2 wights (D:6)
  3 howler monkeys (D:7)
  4 crimson imps (Gauntlet)
  2 hounds (D:6)
  A gnoll shaman (D:6)
  An orc priest (D:5)
  A centaur skeleton (D:7)
  4 orc wizards
  2 gnolls (D:6)
  2 adders
  9 orcs
  2 bats
  A giant cockroach (D:2)
  3 goblins
  4 hobgoblins
  4 jackals (D:2)
  A quokka (D:4)
  A ball python (D:2)
  2 kobolds (D:2)
  A rat (D:3)
  3 demonic plants (Gauntlet)
  11 fungi (D:10)
  25 plants
178 creatures vanquished.

Grand Total: 536 creatures vanquished

Notes
Turn   | Place    | Note
-------+----------+-------------------------------------------
     0 | D:1      | cheechan the Octopode Ice Elementalist began the quest for
                  | the Orb.
     0 | D:1      | Reached XP level 1. HP: 11/11 MP: 3/3
    92 | D:1      | Reached XP level 2. HP: 7/17 MP: 0/5
   276 | D:1      | Found a faded altar of an unknown god.
   290 | D:1      | Prayed at the altar of an unknown god.
   290 | D:1      | Became a worshipper of Jiyva Jiaptig the Shapeless
   290 | D:1      | Reached * piety under Jiyva
   789 | D:2      | Reached ** piety under Jiyva
   808 | D:2      | Found a shimmering altar of Xom.
   869 | D:2      | Killed Sigmund
  1268 | D:3      | Reached XP level 3. HP: 20/21 MP: 2/6
  1325 | D:3      | Learned a level 3 spell: Frozen Ramparts
  1436 | D:3      | Reached XP level 4. HP: 13/27 MP: 2/8
  1742 | D:3      | Reached *** piety under Jiyva
  2069 | D:4      | Gained mutation: You are robust. (+10% HP) [Jiyva's grace]
  2069 | D:4      | Gained mutation: You are very robust. (+20% HP) [Jiyva's
                  | grace]
  2069 | D:4      | Gained mutation: You are extremely robust. (+30% HP)
                  | [Jiyva's grace]
  2069 | D:4      | Gained mutation: Your pliable body absorbs attacks. (AC +2,
                  | EV +2) [Jiyva's grace]
  2110 | D:4      | Reached skill level 5 in Ice Magic
  2130 | D:4      | Noticed a scorpion
  2138 | D:4      | Killed a scorpion
  2139 | D:4      | Reached XP level 5. HP: 40/40 MP: 5/9
  2318 | D:4      | Found a glowing drain.
  2325 | D:4      | Reached **** piety under Jiyva
  2336 | Sewer    | Entered a sewer
  2410 | Sewer    | Reached skill level 1 in Slings
  2416 | Sewer    | Noticed Pargi
  2458 | Sewer    | Killed Pargi
  2745 | D:4      | Noticed a sky beast
  3080 | D:5      | Entered Level 5 of the Dungeon
  3080 | D:5      | Found Yfat's Magic Scroll Emporium.
  3109 | D:5      | Noticed an ice beast
  3110 | D:5      | Found a staircase to the Ecumenical Temple.
  3110 | D:5      | Noticed an ogre
  3222 | D:5      | Reached XP level 6. HP: 46/46 MP: 6/11
  3342 | D:5      | Reached skill level 1 in Fighting
  3356 | D:5      | Found a glowing silver altar of Zin.
  3371 | D:5      | Learned a level 3 spell: Ozocubu's Armour
  3566 | D:5      | Reached skill level 1 in Polearms
  3817 | D:6      | Reached XP level 7. HP: 55/55 MP: 5/13
  3934 | D:6      | Reached skill level 1 in Maces & Flails
  3989 | D:6      | Reached skill level 6 in Ice Magic
  4045 | D:6      | Reached ***** piety under Jiyva
  4092 | D:6      | Gained mutation: You are strong-willed. (Will+) [Jiyva's
                  | grace]
  4092 | D:6      | Gained mutation: You are highly strong-willed. (Will++)
                  | [Jiyva's grace]
  4092 | D:6      | Gained mutation: You are extremely strong-willed. (Will+++)
                  | [Jiyva's grace]
  4092 | D:6      | Gained mutation: You are partially covered in iridescent
                  | scales. (AC +2) [Jiyva's grace]
  4097 | D:6      | Noticed a slime creature
  4097 | D:6      | a wight changed into a slime creature
  4409 | D:6      | Noticed Maggie
  4421 | D:6      | Killed Maggie
  4422 | D:6      | Reached skill level 5 in Spellcasting
  4422 | D:6      | Reached XP level 8. HP: 34/65 MP: 8/16
  4579 | D:7      | Found a flagged portal.
  4597 | Bailey   | Entered a bailey
  4676 | Bailey   | Reached skill level 7 in Ice Magic
  4694 | Bailey   | Noticed an orc knight
  4704 | Bailey   | Killed an orc knight
  4705 | Bailey   | Reached skill level 1 in Throwing
  4705 | Bailey   | Reached XP level 9. HP: 16/71 MP: 16/18
  4747 | Bailey   | Noticed an orc knight
  4753 | Bailey   | Noticed an orc knight
  4757 | Bailey   | Killed an orc knight
  4758 | Bailey   | Reached skill level 8 in Ice Magic
  4777 | Bailey   | Killed an orc knight
  4848 | Bailey   | Identified the +6 broad axe of Teobymap {spect, rElec
                  | Int+2}
  4848 | Bailey   | Noticed an orc warlord
  4858 | Bailey   | Slimified an orc warlord
  4858 | Bailey   | an orc warlord changed into a slime creature
  4884 | Bailey   | Reached XP level 10. HP: 79/79 MP: 21/21
  4943 | D:7      | Reached skill level 9 in Ice Magic
  5326 | D:7      | Identified the +5 chain mail "Edwugun" {Regen+ rCorr Str+3}
  5595 | D:8      | Reached skill level 1 in Axes
  5822 | D:8      | Lost mutation: You are extremely strong-willed. (Will+++)
                  | [Jiyva's grace]
  5822 | D:8      | Lost mutation: You are highly strong-willed. (Will++)
                  | [Jiyva's grace]
  5822 | D:8      | Gained mutation: Your muscles are strong. (Str +2) [Jiyva's
                  | grace]
  5822 | D:8      | Gained mutation: Your muscles are very strong. (Str +4)
                  | [Jiyva's grace]
  5822 | D:8      | Gained mutation: One of your tentacles bears a spike.
                  | [Jiyva's grace]
  5822 | D:8      | Gained mutation: One of your tentacles bears a nasty spike.
                  | [Jiyva's grace]
  6382 | D:9      | Reached skill level 5 in Stealth
  6535 | D:9      | Noticed a two-headed ogre
  6631 | D:9      | Noticed a cyclops
  6644 | D:9      | Killed a cyclops
  6813 | D:9      | Killed a two-headed ogre
  6854 | D:10     | Entered Level 10 of the Dungeon
  6865 | D:10     | Reached ****** piety under Jiyva
  6908 | D:10     | Noticed a two-headed ogre
  6918 | D:10     | Killed a two-headed ogre
  7178 | D:10     | Reached skill level 10 in Ice Magic
  7178 | D:10     | Reached XP level 11. HP: 87/87 MP: 21/24
  7564 | D:10     | Gained mutation: One of your tentacles bears a large
                  | vicious spike. [Jiyva's grace]
  7564 | D:10     | Gained mutation: A frigid envelope surrounds you and
                  | freezes all who hurt you. [Jiyva's grace]
  7564 | D:10     | Gained mutation: You have acidic saliva. [Jiyva's grace]
  7564 | D:10     | Gained mutation: You have a small jelly attached to you
                  | that senses nearby items. [Jiyva's grace]
  7581 | D:10     | Noticed a boulder beetle
  7586 | D:10     | Killed a boulder beetle
  7587 | D:10     | Noticed a deep elf pyromancer
  7589 | D:10     | Noticed a manticore
  7629 | D:10     | Noticed a two-headed ogre
  7640 | D:10     | Killed a two-headed ogre
  7654 | D:10     | Found a staircase to the Lair.
  7787 | D:10     | Learned a level 4 spell: Hailstorm
  7905 | D:10     | Killed a deep elf pyromancer
  7918 | D:10     | Killed a manticore
  8087 | D:10     | Learned a level 2 spell: Passwall
  8140 | D:11     | Found a staircase to the Orcish Mines.
  8232 | D:11     | Noticed a six-headed hydra
  8239 | D:11     | Killed an eight-headed hydra
  8391 | D:11     | Noticed Sonja
  8399 | D:11     | Killed Sonja
  8618 | D:11     | Reached skill level 10 in Spellcasting
  8704 | D:11     | Noticed a boulder beetle
  8711 | D:11     | Killed a boulder beetle
  8781 | D:11     | Noticed an orc knight
  8791 | D:11     | Killed an orc knight
  8800 | D:11     | Reached skill level 11 in Ice Magic
  9026 | D:12     | Noticed a white ugly thing
  9032 | D:12     | Killed a white ugly thing
  9143 | D:12     | Reached XP level 12. HP: 54/96 MP: 24/26
  9179 | D:12     | Noticed Azrael
  9180 | D:12     | Reached skill level 5 in Axes
  9240 | D:12     | Learned a level 3 spell: Stone Arrow
  9297 | D:12     | Killed Azrael
  9307 | D:12     | Found Irecrane's Island Escapes.
  9385 | D:12     | Reached skill level 1 in Evocations
  9676 | D:12     | Reached skill level 5 in Dodging
  9724 | D:13     | Lost mutation: One of your tentacles bears a large vicious
                  | spike. [Jiyva's grace]
  9724 | D:13     | Lost mutation: You are strong-willed. (Will+) [Jiyva's
                  | grace]
  9724 | D:13     | Lost mutation: You are extremely robust. (+30% HP) [Jiyva's
                  | grace]
  9724 | D:13     | Lost mutation: Your muscles are very strong. (Str +4)
                  | [Jiyva's grace]
  9724 | D:13     | Lost mutation: Your muscles are strong. (Str +2) [Jiyva's
                  | grace]
  9724 | D:13     | Lost mutation: You have acidic saliva. [Jiyva's grace]
  9724 | D:13     | Lost mutation: Your pliable body absorbs attacks. (AC +2,
                  | EV +2) [Jiyva's grace]
  9724 | D:13     | Gained mutation: You are agile. (Dex +2) [Jiyva's grace]
  9724 | D:13     | Gained mutation: You are very agile. (Dex +4) [Jiyva's
                  | grace]
  9724 | D:13     | Gained mutation: You are extremely robust. (+30% HP)
                  | [Jiyva's grace]
  9724 | D:13     | Gained mutation: You have a pair of small antennae on your
                  | head. [Jiyva's grace]
  9772 | D:13     | Noticed a seven-headed hydra
  9773 | D:13     | Killed an eight-headed hydra
  9860 | D:13     | Noticed a vault guard
  9860 | D:13     | Noticed a vault guard
  9862 | D:13     | Noticed a vault guard
  9884 | D:13     | Killed a vault guard
  9888 | D:13     | Killed a vault guard
  9979 | D:13     | Noticed a vault guard
  9984 | D:13     | Killed a vault guard
  9993 | D:13     | Noticed a vault guard
  9994 | D:13     | Found a gate to the Vaults.
 10003 | D:13     | Killed a vault guard
 10063 | D:13     | Killed a vault guard
 10064 | D:13     | Reached skill level 12 in Ice Magic
 10068 | D:13     | Killed a great orb of eyes
 10096 | D:13     | Noticed a centaur warrior
 10105 | D:13     | Killed a centaur warrior
 10106 | D:13     | Reached skill level 1 in Conjurations
 10219 | D:13     | Noticed a sphinx
 10226 | D:13     | Killed a sphinx
 10258 | D:13     | Learned a level 4 spell: Summon Lightning Spire
 10263 | D:13     | Noticed a storm dragon
 10263 | D:13     | Noticed a centaur warrior
 10263 | D:13     | Noticed a tengu warrior
 10263 | D:13     | Noticed an ettin
 10363 | D:13     | Reached XP level 13. HP: 105/105 MP: 28/28
 10594 | D:13     | Reached skill level 5 in Fighting
 10726 | D:13     | Identified the +7 shortbow "Riku" {vorpal, rF- Will+ Dex+2
                  | Stlth+}
 10793 | D:13     | Killed an ettin
 10879 | D:13     | Noticed a tengu reaver
 10888 | D:13     | Killed a tengu reaver
 11127 | D:13     | Killed a storm dragon
 11309 | D:14     | Reached skill level 13 in Ice Magic
 11338 | D:14     | Lost mutation: You have a pair of small antennae on your
                  | head. [Jiyva's grace]
 11338 | D:14     | Lost mutation: You are extremely robust. (+30% HP) [Jiyva's
                  | grace]
 11338 | D:14     | Gained mutation: Your mind is acute. (Int +2) [Jiyva's
                  | grace]
 11338 | D:14     | Gained mutation: Your mind is very acute. (Int +4) [Jiyva's
                  | grace]
 11338 | D:14     | Gained mutation: You possess an exceptional clarity of
                  | mind. [Jiyva's grace]
 11338 | D:14     | Gained mutation: Armour fits poorly on your pseudopods.
                  | [Jiyva's grace]
 11576 | D:14     | Found an ornate altar of the Wu Jian Council.
 11948 | D:14     | Noticed Snorg
 11960 | D:14     | Killed Snorg
 12106 | D:15     | Entered Level 15 of the Dungeon
 12176 | D:15     | Reached skill level 1 in Earth Magic
 12179 | D:15     | Found a gate leading to a gauntlet.
 12188 | Gauntlet | Entered a Gauntlet
 12188 | Gauntlet | Found a transporter.
 12188 | Gauntlet | Found a transporter.
 12201 | Gauntlet | Found a transporter.
 12202 | Gauntlet | Found a transporter.
 12245 | Gauntlet | Found a transporter.
 12248 | Gauntlet | Found a transporter.
 12303 | Gauntlet | Found a transporter.
 12315 | Gauntlet | Found a transporter.
 12326 | Gauntlet | Noticed a green death
 12358 | Gauntlet | Found a transporter.
 12360 | Gauntlet | Noticed a dire elephant
 12373 | Gauntlet | Found a transporter.
 12386 | Gauntlet | Found a transporter.
 12396 | Gauntlet | Killed a dire elephant
 12427 | Gauntlet | Found a transporter.
 12447 | Gauntlet | Noticed a minotaur
 12480 | Gauntlet | HP: 1/147 [minotaur/staff of cold (12)]
 12481 | Gauntlet | Killed a minotaur
 12831 | D:15     | Lost mutation: You are very robust. (+20% HP) [potion of
                  | mutation]
 12831 | D:15     | Lost mutation: Your mind is very acute. (Int +4) [potion of
                  | mutation]
 12831 | D:15     | Gained mutation: One of your tentacles bears a large
                  | vicious spike. [potion of mutation]
 12831 | D:15     | Lost mutation: Armour fits poorly on your pseudopods.
                  | [potion of mutation]
 12972 | D:15     | Lost mutation: One of your tentacles bears a large vicious
                  | spike. [Jiyva's grace]
 12972 | D:15     | Lost mutation: You are partially covered in iridescent
                  | scales. (AC +2) [Jiyva's grace]
 12972 | D:15     | Gained mutation: You have acidic saliva. [Jiyva's grace]
 12972 | D:15     | Gained mutation: Your body has grown eyes which may confuse
                  | attackers. (Acc +3) [Jiyva's grace]
 12972 | D:15     | Gained mutation: Your body has grown many eyes which may
                  | confuse attackers. (Acc +5) [Jiyva's grace]
 12972 | D:15     | Gained mutation: Your body is covered in eyes which may
                  | confuse attackers. (Acc +7, SInv) [Jiyva's grace]
 13084 | D:15     | Reached XP level 14. HP: 87/97 MP: 30/30
 13291 | D:15     | Shot with a bolt by a yaktaur

Illustrated notes

Levels and vault maps discovered:
D:1:      nzn_arrival_settlement, layout_rooms, ebering_ecumenical_altar_ruins
D:2:      layout_loops_ring, basic_altar, uniq_sigmund
D:3:      layout_loops_ring
D:4:      layout_basic, cheibrodos_sewer_entry_drain, chequers_avenue,
          chequers_serial_rivers_micro_d
D:5:      nicolae_cairo_tiling, layout_rooms, zin_treasury,
          minmay_temple_entry_junction, serial_shops, nicolae_stop_n_shop_2
D:6:      layout_cave_pools, serial_gnoll_camp, gnoll_camp_mini_doghouse,
          gnoll_camp_mini_hut, gnoll_camp_mini_house, gnoll_camp_mini_basic,
          minmay_tree_intersection, hangedman_decor_peaks_small, uniq_maggie
D:7:      layout_cave_pools, enter_bailey_2, hangedman_decor_riveting,
          patterned_corridor
D:8:      layout_rooms, dk_noncrumbling_4
D:9:      layout_small_grid, minmay_sticks_and_stones
D:10:     minmay_cornered_nines, layout_grid_maze,
          grunt_lair_entry_orc_guard_hut, kennysheep_pointless_box
D:11:     layout_loops_cross, hiddenorc2_lemuel, special_room
          [special_room_orc], uniq_sonja
D:12:     layout_basic, nicolae_island_escapes, uniq_azrael
D:13:     minmay_octo_star, layout_stronghold, ximxim_vaults_locker_room,
          roderic_roman_lattice, kennysheep_generic_room_10
D:14:     layout_basic, pdpol_wu_jian_five_deadly_venoms, uniq_snorg
D:15:     grunt_enter_depths_magical_seal, layout_basic, serial_bayou,
          serial_bayou_crossing, serial_bayou_pond_d, serial_bayou_ford_a,
          serial_bayou_shore_a, dk_noncrumbling_3, gauntlet_entry_generic

Skill      XL: |  1  2  3  4  5  6  7  8  9 10 11 12 13 |
---------------+----------------------------------------+-----
Spellcasting   | 3 4 5 6 7 9 10 11 12 | 12.4
Stealth        | 3 4 5 6 7 8 |  8.6
Ice Magic      | 5 6 7 8 10 11 12 13 | 13.7
Slings         | 1 |  1.5
Fighting       | 1 2 3 4 5 |  5.8
Polearms       | 1 2 |  2.2
Maces & Flails | 2 3 |  3.7
Dodging        | 3 4 5 6 |  6.2
Throwing       | 1 2 3 4 |  4.4
Axes           | 3 4 6 8 |  8.5
Evocations     | 1 2 |  2.7
Conjurations   | 1 2 |  2.4
Earth Magic    | 1 |  1.3
Transmutations | |  0.5

Action                   |  1- 3 |  4- 6 |  7- 9 | 10-12 | 13-15 || total
-------------------------+-------+-------+-------+-------+-------++-------
Melee: Whip              |    19 |     2 |       |       |       ||    21
       Tentacles         |     3 |    12 |    21 |    43 |    27 ||   106
       Constrict         |     6 |    13 |    14 |    31 |    13 ||    77
       Spear             |       |    68 |    31 |       |       ||    99
       Punch             |       |     1 |       |     5 |       ||     6
       Mace              |       |       |    49 |       |       ||    49
       Hand axe          |       |       |     7 |       |       ||     7
       Broad axe         |       |       |     2 |   143 |    81 ||   226
       Kick              |       |       |       |    47 |    42 ||    89
       Bite              |       |       |       |     9 |     3 ||    12
       Pseudopods        |       |       |       |       |    11 ||    11
 Fire: Hunting sling     |       |    23 |       |       |       ||    23
Throw: Stone             |       |     9 |       |     1 |       ||    10
       Boomerang         |       |       |    21 |    45 |       ||    66
 Cast: Freeze            |    39 |    44 |    31 |    10 |     5 ||   129
       Frozen Ramparts   |     1 |    11 |    18 |    50 |    22 ||   102
       Ozocubu's Armour  |       |     1 |    11 |    42 |    20 ||    74
       Passwall          |       |       |       |     3 |     6 ||     9
       Hailstorm         |       |       |       |    10 |    23 ||    33
Invok: Slimify           |       |       |     2 |       |       ||     2
       Oozemancy         |       |       |       |       |     2 ||     2
Evoke: Wand              |       |       |       |     5 |    24 ||    29
  Use: Scroll            |     2 |     4 |     1 |    20 |     6 ||    33
       Potion            |       |       |       |     1 |     4 ||     5
 Stab: Sleeping          |     4 |     8 |       |     8 |     5 ||    25
       Distracted        |       |       |       |     2 |     1 ||     3
       Confused          |       |       |       |       |     3 ||     3
Armor: Skin              |     8 |     9 |    25 |    46 |    33 ||   121
Dodge: Dodged            |    30 |    91 |   107 |   142 |   110 ||   480
